Map: Bastion of the Conclave

Players

MonstroTown

  • Race: Terran Terran
  • Spawn Location: 6:00

Michael

  • Race: Zerg Zerg
  • League: Gold
  • Spawn Location: 6:00

Paradox

  • Race: Zerg Zerg
  • Spawn Location: 6:00

bardock - Winner!

  • Race: Zerg Zerg
  • League: Gold
  • Spawn Location: 12:00

Najentus - Winner!

  • Race: Terran Terran
  • League: Silver
  • Spawn Location: 0:00

MORU - Winner!

  • Race: Zerg Zerg
  • Spawn Location: 12:00

VOD

Have the link to the VOD?

Description

Time

  • Played on: Sept. 27, 2018, 9:38 p.m.
  • Length: 12:10
Show
View Real Time Build Order
Export as new Build Order

MonstroTown Terran 

Build Orders: MMM Bio 

Get SALT Encoding   

  12  0:01  SCV  
  13  0:13  SCV  
  14  0:19  Supply Depot  
  14  0:25  SCV  
  15  0:40  SCV  
  16  0:44  Barracks  
  16  0:52  SCV  
  17  1:00  Refinery  
  17  1:05  SCV  
  18  1:16  Barracks  
  18  1:17  SCV  
  19  1:29  SCV  
  20  1:32  Marine  
  21  1:41  Orbital Command  
  21  1:57  Barracks Tech Lab  
  21  2:04  Command Center  
  21  2:08  Marine  
  22  2:09  SCV  
  23  2:20  Supply Depot  
  23  2:36  SCV  
  23  2:41  Marine  
  23  2:42  Marauder  
  26  2:45  Supply Depot, Refinery  
  26  2:48  Factory  
  26  2:57  Supply Depot  
  26  2:59  Marine  
  27  3:10  Stimpack  
  27  3:15  Marine  
  28  3:24  Bunker  
  28  3:26  Marine  
  28  3:30  Bunker, SCV  
  29  3:42  SCV  
  29  3:44  Marauder  
  30  4:05  Marine x2  
  30  4:06  Hellion  
  28  4:23  Marine x2  
  30  4:26  Barracks  
  30  4:31  Hellion  
  32  4:37  Orbital Command  
  32  4:55  Hellion  
  32  4:56  Marine x2  
  35  5:14  Marauder  
  35  5:16  SCV  
  35  5:17  SCV  
  35  5:18  Combat Shields  
  39  5:27  Marine  
  40  5:29  Barracks Reactor  
  40  5:35  SCV, Starport  
  41  5:36  Barracks  
  41  5:40  Marauder  
  43  5:45  SCV  
  44  5:58  Factory Tech Lab  
  44  5:59  Marine  
  44  6:02  Marauder  
  47  6:05  SCV  
  47  6:06  SCV  
  47  6:07  Engineering Bay  
  47  6:09  Marine x2  
  51  6:18  SCV  
  52  6:22  Barracks Reactor  
  52  6:24  Siege Tank  
  55  6:26  Starport Reactor  
  55  6:32  Barracks  
  55  6:36  Supply Depot  
  55  6:37  Terran Infantry Weapons Level 1  
  55  6:40  SCV x2  
  57  6:52  SCV x2  
  59  7:01  Marine  
  59  7:02  Marine x2  
  62  7:15  Siege Tank, Marauder  
  64  7:19  Command Center  
  67  7:26  Marine  
  67  7:27  Marine x2  
  70  7:33  Supply Depot  
  70  7:34  Supply Depot  
  70  7:38  Marauder  
  70  7:39  Marine x2  
  62  7:47  Marine x3  
  62  7:48  Medivac  
  66  7:52  Supply Depot  
  66  7:56  Engineering Bay  
  66  8:00  Marauder  
  68  8:10  Marine x2  
  68  8:11  Siege Tank, Marine x2  
  68  8:35  Marine  
  68  8:36  Marine x4  
  68  8:39  Medivac x2  
  68  8:40  Barracks Reactor  
  64  8:51  Orbital Command  
  64  8:53  SCV x2, Marine x2  
  68  9:00  Bunker  
  68  9:05  SCV  
  68  9:08  SCV, Marine x3  
  72  9:17  SCV  
  47  9:31  Marine x2  
  47  9:32  Marine x5  
  47  9:49  Marine x3  
  47  9:50  Marine x4  
  50  9:57  Medivac x2  
  51  10:07  Marine x3  
  50  10:15  Marine x2  
  46  10:25  Marine x2  
  38  10:33  Marine x2  
  7  11:42  SCV  
  8  11:54  SCV  
Show
View Real Time Build Order
Export as new Build Order

Michael Zerg 

Build Orders: Hatch First 

Get SALT Encoding   

  12  0:01  Drone  
  13  0:13  Overlord  
  13  0:18  Drone  
  14  0:32  Drone x2  
  16  0:36  Drone  
  17  0:45  Drone  
  18  0:58  Hatchery  
  18  1:01  Drone  
  18  1:06  Extractor  
  18  1:07  Drone  
  18  1:20  Spawning Pool  
  18  1:23  Drone  
  18  1:29  Drone  
  19  1:39  Drone  
  20  1:49  Overlord  
  20  2:08  Queen  
  22  2:10  Metabolic Boost  
  22  2:11  Queen  
  22  2:12  Zergling x2  
  22  2:14  Zergling x2  
  26  2:18  Zergling x2  
  26  2:25  Drone x2  
  28  2:38  Drone x2  
  28  2:43  Queen  
  32  2:51  Queen  
  34  2:54  Drone  
  34  2:57  Drone  
  36  3:02  Overlord  
  36  3:10  Extractor, Evolution Chamber  
  36  3:11  Drone  
  33  3:14  Drone  
  34  3:21  Drone  
  34  3:22  Drone x2  
  34  3:25  Drone  
  38  3:40  Drone x5  
  38  3:41  Drone  
  44  3:47  Overlord  
  42  4:04  Zergling x4  
  42  4:06  Zergling x8  
  48  4:10  Zergling x2  
  49  4:19  Zerg Ground Armor Level 1  
  49  4:20  Overlord  
  49  4:21  Overlord  
  49  4:24  Overlord  
  48  4:25  Overlord  
  48  4:29  Overlord  
  48  4:30  Overlord  
  48  4:37  Lair  
  48  4:42  Roach Warren  
  48  4:43  Zergling x6  
  48  4:44  Zergling x2  
  50  4:57  Zergling x14  
  52  5:16  Drone x4  
  52  5:20  Extractor x2  
  54  5:23  Spine Crawler  
  53  5:30  Hatchery  
  53  5:33  Glial Reconstitution  
  53  5:34  Evolution Chamber  
  51  5:37  Drone x2  
  51  5:39  Drone  
  51  5:40  Drone  
  51  5:42  Drone  
  56  5:47  Roach x2  
  56  5:48  Roach  
  56  5:49  Roach  
  64  5:52  Roach  
  64  5:54  Roach  
  68  5:57  Roach  
  70  6:13  Zerg Missile Weapons Level 1  
  70  6:15  Spire  
  69  6:19  Drone x3  
  69  6:21  Drone  
  69  6:22  Drone  
  74  6:33  Hatchery  
  74  6:36  Infestation Pit  
  74  6:37  Spore Crawler  
  71  6:43  Drone x7  
  78  6:57  Zerg Ground Armor Level 2  
  78  7:07  Roach x5  
  87  7:34  Drone  
  87  7:35  Drone x9  
  96  7:37  Queen  
  97  7:47  Drone x2  
  97  7:48  Drone  
  97  7:50  Extractor  
  99  7:51  Extractor  
  98  8:07  Drone x2  
  100  8:13  Queen  
  100  8:16  Overlord x6  
  77  8:38  Swarm Host  
  111  8:48  Burrow  
  111  8:52  Pneumatized Carapace  
  111  8:59  Drone x3  
  114  9:40  Swarm Host  
  114  9:43  Zergling x22  
  128  11:03  Mutalisk  
  128  11:04  Mutalisk x11  
  126  11:08  Overlord x8  
  134  11:50  Spawning Pool  
Show
View Real Time Build Order
Export as new Build Order

Paradox Zerg 

Build Orders: Hatch First 

Get SALT Encoding   

  12  0:02  Drone  
  13  0:13  Overlord  
  13  0:22  Drone  
  14  0:33  Drone  
  14  0:34  Drone  
  16  0:44  Drone  
  17  0:57  Hatchery  
  17  1:03  Drone  
  17  1:06  Drone  
  17  1:08  Extractor  
  17  1:19  Spawning Pool  
  17  1:21  Drone  
  17  1:27  Drone  
  18  1:37  Drone  
  19  1:40  Drone  
  20  1:54  Drone  
  21  2:02  Drone  
  22  2:09  Queen  
  22  2:11  Queen  
  22  2:13  Drone x2  
  28  2:27  Overlord x2  
  28  2:32  Metabolic Boost  
  28  2:38  Roach Warren  
  28  2:42  Overlord  
  27  2:48  Zergling x4  
  29  2:54  Drone x2  
  31  2:58  Extractor  
  31  3:01  Zergling x2  
  31  3:05  Zergling x2  
  32  3:07  Drone  
  33  3:18  Baneling Nest  
  32  3:21  Zergling x6  
  35  3:29  Drone x2  
  35  3:30  Drone  
  35  3:31  Drone  
  39  3:37  Spine Crawler  
  38  3:43  Queen  
  38  3:47  Roach  
  41  4:02  Roach  
  41  4:03  Roach x3  
  39  4:16  Roach  
  39  4:17  Roach  
  39  4:23  Queen  
  41  4:29  Overlord  
  39  4:45  Overlord x2  
  37  5:04  Roach x2  
  41  5:23  Roach x2  
  45  5:30  Hatchery  
  44  5:39  Lair  
  44  5:57  Roach x3  
  50  6:13  Evolution Chamber  
  50  6:15  Drone x3  
  50  6:16  Evolution Chamber  
  51  6:23  Drone  
  52  6:40  Drone x4  
  56  6:50  Queen  
  58  6:59  Hatchery  
  57  7:02  Glial Reconstitution  
  57  7:30  Roach  
  57  7:31  Roach x4  
  67  7:44  Overlord x2  
  67  7:45  Overlord  
  67  7:55  Zerg Missile Weapons Level 1  
  67  8:02  Queen, Zerg Ground Armor Level 1  
  67  8:03  Drone  
  67  8:04  Drone x2  
  54  8:38  Roach x7  
  54  8:39  Roach  
  68  8:47  Queen  
  70  8:50  Drone  
  69  9:22  Spire  
  69  9:23  Roach  
  69  9:24  Roach x4  
  52  9:40  Roach  
  50  9:54  Roach  
  50  9:55  Roach x3  
  48  10:08  Roach  
  48  10:09  Roach x2  
  54  10:20  Roach  
  44  10:36  Roach x2  
  44  10:37  Roach  
  38  11:04  Roach  
  38  11:05  Roach x3  
  38  11:08  Hatchery  
Show
View Real Time Build Order
Export as new Build Order

bardock Zerg - Winner!

Build Orders: Hatch First 

Get SALT Encoding   

  12  0:01  Drone  
  13  0:08  Drone  
  14  0:21  Overlord  
  14  0:27  Extractor  
  14  0:28  Drone  
  14  0:41  Drone  
  14  0:42  Drone  
  16  1:01  Hatchery  
  15  1:13  Spawning Pool  
  15  1:14  Drone  
  15  1:19  Drone  
  15  1:22  Drone  
  17  1:35  Drone  
  18  1:42  Drone  
  19  1:51  Drone  
  20  2:01  Drone, Evolution Chamber  
  20  2:03  Queen  
  20  2:07  Metabolic Boost  
  22  2:13  Overlord  
  22  2:20  Drone, Spine Crawler  
  22  2:28  Drone  
  23  2:32  Drone  
  23  2:33  Drone  
  25  2:39  Queen  
  25  2:43  Zergling x2  
  28  2:46  Zergling x2  
  29  2:59  Zergling x2  
  29  3:00  Zergling x2  
  31  3:08  Drone  
  32  3:18  Drone  
  33  3:21  Hatchery  
  33  3:24  Zergling x8  
  36  3:29  Overlord  
  36  3:46  Overlord  
  36  3:47  Overlord  
  36  3:52  Drone x4  
  37  4:29  Zergling x2  
  37  4:30  Zergling x12  
  44  4:33  Drone x6  
  44  4:35  Queen  
  44  4:37  Drone  
  53  4:40  Overlord  
  53  4:45  Lair  
  53  4:46  Overlord  
  53  4:53  Zerg Ground Armor Level 1  
  53  4:56  Overlord  
  49  5:25  Drone  
  49  5:26  Drone x2  
  52  5:29  Extractor  
  52  5:30  Extractor  
  52  5:31  Drone  
  52  5:32  Drone x2  
  53  5:39  Extractor  
  53  5:40  Drone  
  53  5:41  Drone x7  
  60  5:46  Drone  
  61  5:50  Extractor  
  61  5:52  Extractor  
  61  5:54  Drone x3  
  61  5:56  Drone  
  65  5:57  Drone x2  
  65  6:02  Drone  
  66  6:13  Hydralisk Den  
  66  6:18  Evolution Chamber  
  64  6:22  Infestation Pit  
  64  6:23  Drone x2  
  65  6:28  Drone x2  
  65  6:29  Drone  
  65  6:30  Drone  
  65  6:31  Drone x2  
  65  6:32  Drone  
  72  6:37  Overlord x5  
  72  6:46  Hydralisk x4  
  80  6:49  Muscular Augments  
  80  6:50  Zerg Missile Weapons Level 1  
  80  6:51  Zerg Ground Armor Level 2  
  80  6:59  Hydralisk  
  80  7:00  Hydralisk x3  
  88  7:06  Zergling x12  
  94  7:09  Overlord  
  94  7:10  Overlord x3  
  94  7:18  Hive  
  86  7:42  Drone x2  
  86  7:43  Drone  
  89  7:49  Hydralisk x3  
  89  7:50  Hydralisk x2  
  99  8:04  Hydralisk  
  99  8:05  Hydralisk x7  
  97  8:50  Hydralisk x6  
  97  8:52  Zerg Missile Weapons Level 2  
  109  9:00  Grooved Spines  
  109  9:01  Ultralisk Cavern  
  108  9:03  Hydralisk x3  
  108  9:06  Hydralisk  
  108  9:07  Hydralisk x4  
  124  9:46  Hatchery  
  123  9:55  Hydralisk x5  
  123  9:56  Hydralisk x2  
  123  9:59  Chitinous Plating  
  135  10:01  Ultralisk  
  135  10:02  Ultralisk  
  135  10:04  Overlord x4  
  143  10:08  Zergling x2  
  143  10:09  Zergling x10  
  147  11:15  Ultralisk x3  
  165  11:19  Ultralisk  
  165  11:20  Ultralisk x2  
  182  11:46  Drone  
  184  11:47  Drone x2  
Show
View Real Time Build Order
Export as new Build Order

Najentus Terran - Winner!

Build Orders:  

Get SALT Encoding   

  12  0:01  SCV  
  13  0:13  SCV  
  14  0:19  Supply Depot  
  14  0:25  SCV  
  15  0:40  SCV  
  16  0:43  Barracks  
  16  0:53  SCV  
  17  0:59  Barracks  
  17  1:11  SCV  
  18  1:15  Barracks  
  18  1:23  SCV  
  19  1:35  Marine  
  19  1:36  Orbital Command  
  20  1:45  Supply Depot  
  20  1:50  Marine  
  21  1:57  Marine  
  22  2:02  SCV  
  23  2:08  Marine  
  23  2:10  Supply Depot  
  23  2:11  Supply Depot  
  23  2:13  Marine  
  23  2:15  Marine  
  26  2:17  SCV  
  27  2:26  Marine  
  28  2:31  Marine  
  28  2:32  Marine  
  28  2:33  SCV  
  31  2:44  Marine  
  31  2:45  SCV  
  31  2:47  Supply Depot  
  31  2:49  Marine  
  31  2:50  Marine  
  35  2:54  Refinery  
  35  3:02  Marine  
  36  3:07  Marine  
  36  3:08  Marine  
  38  3:22  Command Center, Marine  
  38  3:24  Marine  
  38  3:26  Marine  
  41  3:33  SCV  
  42  3:40  Marine  
  43  3:42  Marine  
  44  3:57  Marine  
  44  3:58  Marine  
  44  4:00  Marine  
  42  4:10  Factory  
  42  4:15  Marine x2  
  44  4:18  Marine  
  44  4:19  SCV  
  46  4:31  SCV  
  46  4:33  Marine x2  
  46  4:36  Marine  
  50  4:39  Supply Depot  
  50  4:43  SCV  
  42  5:04  Orbital Command  
  42  5:06  SCV  
  43  5:09  Factory Tech Lab  
  43  5:12  Starport  
  43  5:15  Engineering Bay  
  43  5:16  Marine x2  
  43  5:17  Marine  
  43  5:18  Engineering Bay, SCV  
  47  5:24  Refinery  
  47  5:31  SCV x2  
  47  5:34  Marine x3  
  52  5:35  Supply Depot  
  52  5:42  Siege Tank  
  55  5:43  SCV  
  56  5:52  Marine x2  
  56  5:54  Starport Reactor  
  58  5:58  Marine  
  58  5:59  SCV  
  58  6:00  SCV, Refinery  
  61  6:04  Supply Depot  
  61  6:08  Refinery  
  61  6:10  Marine  
  62  6:11  SCV  
  62  6:12  SCV  
  64  6:19  Missile Turret  
  64  6:23  Missile Turret  
  64  6:24  SCV x2  
  64  6:25  Barracks Tech Lab x2  
  66  6:33  Siege Tank  
  66  6:35  Barracks Reactor  
  66  6:36  SCV  
  70  6:45  SCV  
  71  6:48  SCV  
  72  6:54  Supply Depot  
  72  6:57  Marine x2  
  72  6:58  SCV  
  72  7:00  SCV  
  72  7:01  Medivac  
  78  7:02  Medivac  
  78  7:08  Combat Shields  
  80  7:10  SCV  
  80  7:12  Stimpack  
  80  7:14  Marine  
  80  7:15  Marine  
  83  7:18  Supply Depot  
  83  7:21  Marine x2  
  85  7:23  SCV  
  85  7:28  Siege Tank  
  89  7:32  Marine x2  
  89  7:36  Medivac  
  93  7:39  SCV x2, Marine x2  
  97  7:51  SCV x2  
  99  7:56  Supply Depot, Marine x3  
  99  7:57  Marine  
  103  7:59  Medivac  
  103  8:03  SCV  
  106  8:08  Siege Tank  
  109  8:14  Marine  
  109  8:17  Marine x3  
  109  8:18  SCV x2  
  115  8:30  SCV x2  
  115  8:32  Marine  
  115  8:40  Siege Tank  
  118  8:49  Supply Depot x2  
  118  8:50  Supply Depot  
  118  8:52  Supply Depot x2  
  118  8:53  Bunker  
  118  8:56  Missile Turret  
  118  9:00  Missile Turret  
  118  9:10  SCV x2, Medivac x2, Marine x4  
  119  9:28  Marine x3  
  112  9:35  Marine  
  112  9:37  Siege Tank  
  116  9:46  Marine x3  
  119  9:53  Marine  
  119  10:03  Marine  
  119  10:08  Marine x2  
  119  10:10  Siege Tank  
  119  10:37  SCV x2  
  119  10:38  Marine x4  
  119  10:42  Siege Tank  
  121  10:43  Medivac x2  
  121  10:49  SCV x2  
  127  10:55  Marine x2  
  127  10:56  Marine x2  
  119  11:01  Armory, SCV x2  
  119  11:02  Armory  
  116  11:07  Fusion Core  
  116  11:10  Concussive Shells  
  114  11:13  Medivac x2, Marine x3  
  114  11:14  Siege Tank, Marine  
  112  11:31  Marine x2  
  108  11:34  Marine x2  
  113  11:49  Marine x2  
  113  11:52  Marine x2  
  117  11:55  Command Center  
Show
View Real Time Build Order
Export as new Build Order

MORU Zerg - Winner!

Build Orders: Pool First 

Get SALT Encoding   

  12  0:07  Drone  
  13  0:15  Drone  
  14  0:36  Extractor, Spawning Pool  
  14  0:37  Drone x2  
  14  0:45  Overlord  
  14  0:53  Extractor  
  14  0:55  Drone  
  15  1:05  Drone  
  16  1:21  Drone x2  
  16  1:25  Queen  
  20  1:34  Zergling x2  
  21  1:49  Zergling x2  
  22  1:56  Hatchery  
  21  2:01  Overlord  
  21  2:04  Metabolic Boost  
  21  2:06  Zergling x2  
  22  2:27  Zergling x4  
  24  2:34  Zergling x6  
  27  2:44  Roach Warren  
  27  2:46  Zergling x2  
  27  2:48  Extractor, Zergling x2  
  27  3:09  Zergling x2  
  27  3:10  Zergling x6  
  31  3:18  Drone  
  32  3:22  Zergling x2  
  32  3:24  Roach  
  35  3:34  Drone  
  36  3:42  Overlord  
  36  3:45  Overlord  
  36  3:59  Queen  
  34  4:10  Roach  
  34  4:11  Roach x2  
  39  4:26  Roach x2  
  42  4:38  Roach x3  
  44  4:48  Drone  
  44  4:49  Drone  
  44  4:52  Drone  
  42  5:04  Lair  
  40  5:33  Drone x3  
  43  5:37  Drone x3  
  46  5:46  Evolution Chamber  
  46  5:48  Spore Crawler, Evolution Chamber  
  43  5:50  Spore Crawler  
  43  5:53  Drone  
  43  6:01  Drone  
  44  6:05  Drone x3  
  44  6:10  Extractor  
  46  6:13  Ravager  
  46  6:14  Ravager x3  
  46  6:15  Ravager  
  46  6:16  Ravager  
  52  6:27  Overlord  
  52  6:28  Overlord  
  52  6:39  Extractor  
  51  6:41  Drone  
  51  6:45  Overlord x2  
  52  6:48  Drone  
  53  7:03  Ravager  
  54  7:17  Drone x3  
  57  7:30  Ravager  
  46  7:49  Drone x2  
  46  7:50  Drone  
  37  7:59  Hydralisk Den  
  37  8:00  Zerg Missile Weapons Level 1, Zerg Ground Armor Level 1  
  36  8:10  Roach x3  
  36  8:11  Roach  
  44  8:27  Roach  
  44  8:29  Roach x5  
  44  8:30  Roach  
  58  8:52  Hydralisk x5  
  68  8:58  Drone x2  
  68  9:01  Grooved Spines  
  62  9:18  Hatchery  
  61  9:38  Hydralisk x2  
  61  9:39  Hydralisk x4  
  71  10:25  Hydralisk x6  
  79  10:52  Drone x2  
  79  10:56  Hydralisk x4  
  89  11:17  Overlord x4  
  89  11:18  Overlord  
  89  11:46  Drone x2  
  89  11:47  Drone x6  
  81  12:02  Infestation Pit  
Tags
 
Add a new tag
Caveats
  • Supply blocks, unpowered buildings, or Contaminate may cause inaccurate times.
  • Supply counts are checked every 10 seconds.